 Dungeon Crawl Stone Soup version 0.21.1-1-g345015f (webtiles) character file.

624 aMcNicky the Magician (level 7, 0/36 HPs)
             Began as a Deep Elf Wizard on Mar 24, 2018.
             Killed from afar by tidbits's ghost (16 damage)
             ... with a spray of energy
             ... on level 5 of the Dungeon.
             The game lasted 00:21:32 (5857 turns).

aMcNicky the Magician (Deep Elf Wizard)             Turns: 5857, Time: 00:21:33

Health: 0/36       AC:  3    Str:  4    XL:     7   Next: 22%
Magic:  4/19       EV: 13    Int: 25    God:
Gold:   252        SH:  0    Dex: 13    Spells: 16/19 levels left

rFire    . . .     SeeInvis .   p - staff of conjuration
rCold    . . .     Gourm    .   (no shield)
rNeg     . . .     Faith    .   a - +0 robe
rPois    +         Spirit   .   b - +0 hat
rElec    .         Reflect  .   r - +0 cloak
rCorr    .         Harm     .   (no gloves)
MR       .....                  (no boots)
Stlth    +.........             (no amulet)
HPRegen  0.12/turn              v - ring of poison resistance
MPRegen  0.16/turn              (no ring)

@: glowing
A: no striking features
a: no special abilities


You were on level 5 of the Dungeon.
You were not hungry.

You visited 1 branch of the dungeon, and saw 5 of its levels.

You collected 252 gold pieces.

Inventory:

Armour
 a - a +0 robe (worn)
 b - a +0 hat (worn)
 r - a +0 cloak (worn)
Magical Staves
 p - an uncursed staff of conjuration (weapon)
Jewellery
 v - a ring of poison resistance (left hand)
Wands
 y - a wand of polymorph (10)
Scrolls
 e - 5 scrolls of remove curse {unknown}
 f - 5 scrolls of teleportation {unknown}
 g - 2 scrolls of fear {unknown}
 j - 7 scrolls of identify {unknown}
 k - 2 scrolls of enchant armour {unknown}
 l - 2 scrolls of fog {unknown}
 s - 4 scrolls of magic mapping {unknown}
 x - a scroll of amnesia {unknown}
Potions
 h - 3 potions of flight {unknown}
 i - 4 potions of ambrosia {unknown}
 m - a potion of heal wounds {unknown}
 n - 3 potions of mutation {unknown}
 o - 2 potions of degeneration {unknown}
 q - a potion of agility {unknown}
 t - a potion of curing {unknown}
 u - 3 potions of cancellation {unknown}
 w - a potion of resistance {unknown}
 z - a potion of haste {unknown}
Books
 c - a book of Minor Magic

   Spells                             Type                      Level
   a - Magic Dart                     Conjuration                  1
   b - Blink                          Translocation                2
   c - Call Imp                       Summoning                    2
   d - Slow                           Hexes                        2
   e - Conjure Flame                  Conjuration/Fire             3
   f - Mephitic Cloud                 Conjuration/Poison/Air       3
Comestibles
 d - 10 rations


   Skills:
 - Level 2.4 Dodging
 - Level 2.4 Stealth
 + Level 6.8 Spellcasting
 * Level 6.2 Conjurations
 + Level 3.9 Summonings
   Level 1.1 Translocations


You had 16 spell levels left.
You knew the following spells:

 Your Spells              Type           Power        Failure   Level  Hunger
a - Magic Dart            Conj           ####         1%          1    None
b - Call Imp              Summ           ####....     1%          2    None


Dungeon Overview and Level Annotations

Branches:
Dungeon (5/15)             Temple (0/1) D:4

Altars:
Cheibriados
Dithmenos
Yredelemnul
The Shining One

Shops:
D:4 %   D:5 %

Annotations:
D:5 tidbits's ghost, novice GnEn


Message History

Tidbits's ghost is almost destroyed.
Tidbits's ghost hits you.
Casting: Magic Dart
Confirm with . or Enter, or press ? or * to list all spells.
Aiming: Magic Dart
Press: ? - help, Shift-Dir - straight line, f/p - tidbits's ghost
Aim: tidbits's ghost (almost destroyed)
You feel a surge of power!
The magic dart hits tidbits's ghost.
Tidbits's ghost is almost destroyed.
Tidbits's ghost closely misses you.
Casting: Magic Dart
Confirm with . or Enter, or press ? or * to list all spells.
Aiming: Magic Dart
Press: ? - help, Shift-Dir - straight line, f/p - tidbits's ghost
Aim: tidbits's ghost (almost destroyed)
You feel a surge of power!
The magic dart hits tidbits's ghost.
Tidbits's ghost is almost destroyed.
Tidbits's ghost gestures at you while chanting.
The spray of energy hits you!
You die...

.≈♣≈≈≈≈≈PP≈≈≈ ########.##.#
≈≈P≈≈≈≈≈PPPPP≈# #...........#
≈P≈≈≈≈≈≈≈≈PW♣#####.####.#..###
≈P≈≈≈≈≈≈≈♣P≈......<# #.#.....
≈≈≈≈≈≈P≈♣♣..######## #)#.#####
P≈♣≈≈♣#.##.## #.#.# ♣♣♣♣P
#...##########.#># # #.#
##............#.#.# # #.# .#
#. #W@.......#.# #.###.# #.
#.####...## #.#...
#.#.##5###.# . ###.#.##
#.#........# .......#
#.##.#####.# ###.#..# #.##.##
#.#..# #.#...# #.#..#
#.#...### #.#..###.......###


You could see tidbits's ghost and a friendly crimson imp.

Vanquished Creatures
  An ogre (D:4)
  The ghost of Mirai the Skirmisher, an amateur DsFi of Okawaru (D:3)
  A scorpion (D:4)
  A howler monkey (D:4)
  2 worker ants
  13 adders
  2 river rats (D:3)
  2 oozes
  2 worms (D:2)
  An adder skeleton (D:4)
  5 dart slugs
  A leopard gecko (D:4)
  9 orcs
  8 ball pythons
  3 giant cockroaches
  11 goblins
  8 hobgoblins
  5 jackals
  3 quokkas
  8 bats
  2 frilled lizards (D:1)
  A giant cockroach zombie (D:5)
  5 kobolds
  A leopard gecko zombie (D:5)
  A quokka skeleton (D:5)
  9 rats
106 creatures vanquished.

Vanquished Creatures (collateral kills)
  An ogre (D:4)
  A howler monkey (D:5)
  A centaur skeleton (D:4)
  An iguana (D:4)
  An orc wizard (D:5)
  A river rat (D:3)
  An adder skeleton (D:5)
  A dart slug (D:4)
  4 orcs
  A ball python (D:5)
  A giant cockroach (D:3)
  A goblin (D:3)
15 creatures vanquished.

Grand Total: 121 creatures vanquished

Notes
Turn   | Place    | Note
-------+----------+-------------------------------------------
     0 | D:1      | aMcNicky the Deep Elf Wizard began the quest for the Orb.
     0 | D:1      | Reached XP level 1. HP: 10/10 MP: 7/7
   441 | D:1      | Reached XP level 2. HP: 15/15 MP: 7/9
   982 | D:1      | Reached XP level 3. HP: 19/19 MP: 8/11
  1116 | D:1      | Reached skill level 5 in Spellcasting
  1610 | D:2      | Learned a level 2 spell: Call Imp
  1904 | D:2      | Reached XP level 4. HP: 24/24 MP: 10/13
  2045 | D:2      | Found a glowing golden altar of the Shining One.
  2355 | D:2      | Reached XP level 5. HP: 28/28 MP: 12/15
  2935 | D:3      | Found a shadowy altar of Dithmenos.
  2953 | D:3      | Noticed Mirai's ghost (amateur DsFi)
  2983 | D:3      | Killed Mirai's ghost
  3185 | D:3      | Found a basalt altar of Yredelemnul.
  3523 | D:3      | Reached XP level 6. HP: 32/32 MP: 12/17
  3590 | D:3      | Reached skill level 5 in Conjurations
  3933 | D:4      | Found a snail-covered altar of Cheibriados.
  4465 | D:4      | Found a staircase to the Ecumenical Temple.
  4898 | D:4      | Found Acovi's Food Shoppe.
  4944 | D:4      | Reached XP level 7. HP: 36/36 MP: 15/18
  5015 | D:4      | Found a shadowy altar of Dithmenos.
  5440 | D:5      | Entered Level 5 of the Dungeon
  5521 | D:5      | Found Deadaf's Food Shop.
  5704 | D:5      | Noticed tidbits's ghost (novice GnEn)
  5857 | D:5      | Killed from afar by tidbits's ghost

Skill      XL: |  1  2  3  4  5  6  7 |
---------------+----------------------+-----
Conjurations   | 2 3 4 5 6 |  6.2
Spellcasting   | 5 6 |  6.8
Summonings     | 2 3 |  3.9
Dodging        | |  2.4
Stealth        | |  2.4
Translocations | |  1.1

Action                   |  1- 3 |  4- 6 |  7- 9 || total
-------------------------+-------+-------+-------++-------
 Cast: Magic Dart        |    96 |   166 |    34 ||   296
       Call Imp          |       |    22 |    18 ||    40
  Eat: Chunk             |     3 |     7 |     1 ||    11
       Ration            |       |     1 |       ||     1
Armor: Robe              |     1 |     4 |     1 ||     6
Dodge: Dodged            |    10 |    36 |    11 ||    57
